 Dungeon Crawl Stone Soup version 0.31-a0-187-gba352fbbf7 (webtiles) character file.

Game seed: 3410486368899108085

153 qw the Skirmisher (level 5, 0/29 HPs)
             Began as a Deep Elf Hunter on June 22, 2023.
             Succumbed to a scorpion's poison
             ... on level 3 of the Dungeon.
             The game lasted 00:00:40 (2348 turns).

qw the Skirmisher (Deep Elf Hunter)                 Turns: 2348, Time: 00:00:41

Health: 0/29       AC:  4    Str: 10    XL:     5   Next: 12%
Magic:  7/7        EV: 12    Int: 14    God:
Gold:   152        SH:  0    Dex: 18    Spells: 4/4 levels left

rFire   . . .        Y - +0 shortbow
rCold   . . .        (shield currently unavailable)
rNeg    . . .        c - +0 leather armour
rPois   .            (no helmet)
rElec   .            b - +0 cloak
rCorr   .            (no gloves)
SInv    .            (no boots)
Will    .....        (no amulet)
Stlth   ++           (no ring)
HPRegen 0.24/turn    (no ring)
MPRegen 0.10/turn

%: no passive effects
@: lethally poisoned (0 -> -2)
A: no striking features
a: no special abilities


You were on level 3 of the Dungeon.
You visited 1 branch of the dungeon, and saw 3 of its levels.

You collected 152 gold pieces.


   Skills:
 - Level 1.5 Fighting
 + Level 8.5 Ranged Weapons
 - Level 2.4 Dodging
 - Level 1.2 Stealth


You had 4 spell levels left.
You didn't know any spells.
Your spell library was empty.

Inventory:

Hand Weapons
 Y - a +0 shortbow (weapon)
Armour
 b - a +0 cloak (worn)
 c - a +0 leather armour (worn)
 f - a +0 ring mail
Scrolls
 a - 2 scrolls of teleportation
 g - a scroll of identify
 h - a scroll of immolation {unknown}
 i - a scroll of enchant armour {unknown}
Potions
 d - a potion of attraction {unknown}
 e - 2 potions of ambrosia {unknown}
 j - a potion of curing {unknown}

Dungeon Overview and Level Annotations

Branches:
Dungeon (3/15)

Altars:
Kikubaaqudgha


Message History

The scorpion stings you but does no damage.
You shoot an arrow. The arrow hits the scorpion.
The scorpion is almost dead.
The scorpion stings you.
You shoot an arrow.
The arrow hits the scorpion but does no damage.
The scorpion is almost dead.
The scorpion stings you but does no damage.
You shoot an arrow. The arrow closely misses the scorpion.
The scorpion closely misses you.
You shoot an arrow. The arrow closely misses the scorpion.
The scorpion stings you but does no damage.
The scorpion stings you.
You are poisoned.
The scorpion poisons you!
You shoot an arrow.
The arrow hits the scorpion but does no damage.
The scorpion is almost dead.
You feel sick. The scorpion stings you.
You are lethally poisoned!
The scorpion poisons you!
You shoot an arrow. The arrow hits the scorpion.
You kill the scorpion!
You feel very sick.
Your Ranged Weapons skill increases to level 8!
You have reached level 5!
There is a lethal amount of poison in your body!
You feel sick.
There is a lethal amount of poison in your body!
You feel sick.
There is a lethal amount of poison in your body!
You feel sick.
There is a lethal amount of poison in your body!
You feel sick.
There is a lethal amount of poison in your body!
You feel sick.
There is a lethal amount of poison in your body!
You feel sick.
There is a lethal amount of poison in your body!
You die...

##### ####.###...# #
#.# #### # #.# #
##+## ## ##...## .###
##.....## .#.##
##.......##
....####.........##.#
.......'........@%.#
....####.........##.#
.#.## ##.......##
.### ##.....## .#
##...## .# ##+## .#


There were no monsters in sight!

Vanquished Creatures
  A scorpion (D:3)
  A gnoll (D:1)
  3 adders (D:2)
  2 worms
  An orc (D:3)
  4 endoplasms
  4 giant cockroaches
  2 goblins
  5 hobgoblins
  4 jackals (D:3)
  A quokka (D:2)
  5 ball pythons
  3 bats
  2 frilled lizards
  6 kobolds
  4 rats
48 creatures vanquished.

Notes
Turn   | Place    | Note
-------+----------+-------------------------------------------
     0 | D:1      | qw the Deep Elf Hunter began the quest for the Orb.
     0 | D:1      | Reached XP level 1. HP: 12/12 MP: 3/3
     0 | D:1      | 0 ||| qw: Version: 0.3-a-9-g12657ce
     0 | D:1      | 0 ||| qw: Game counter: 2428
     0 | D:1      | 0 ||| qw: Always use a shield: true
     0 | D:1      | 0 ||| qw: God list: Okawaru
     0 | D:1      | 0 ||| qw: Allow faded altars: false
     0 | D:1      | 0 ||| qw: Do Orc after D:15 true
     0 | D:1      | 0 ||| qw: Do second Lair branch before Depths: true
     0 | D:1      | 0 ||| qw: Lair rune preference: random
     0 | D:1      | 0 ||| qw: Plans: Normal
     0 | D:1      | 0 ||| PLANNING D:1-11
   168 | D:1      | Found a faded altar of an unknown god.
   259 | D:1      | Reached skill level 6 in Ranged Weapons
   259 | D:1      | Reached XP level 2. HP: 11/16 MP: 4/4
   265 | D:1      | 265 ||| FLEEEEING.
   996 | D:1      | 996 ||| DROPPING scarf of shadows.
   997 | D:1      | 997 ||| READING 2 scrolls labelled NEUROU XITIACY.
  1001 | D:1      | 1001 ||| READING 3 scrolls labelled QYAZEPNUX TUUTT.
  1002 | D:1      | 1002 ||| READING scroll labelled ZET BUOLIRPHUA.
  1003 | D:1      | 1003 ||| DROPPING scroll of butterflies.
  1004 | D:1      | 1004 ||| DROPPING 2 scrolls of noise.
  1035 | D:2      | Found an ancient bone altar of Kikubaaqudgha.
  1056 | D:2      | Reached XP level 3. HP: 20/20 MP: 5/5
  1209 | D:2      | Reached skill level 7 in Ranged Weapons
  1420 | D:2      | Identified the +6 mace "Isuo" {flame, rPois}
  1480 | D:2      | 1480 ||| FLEEEEING.
  1481 | D:2      | 1481 ||| FLEEEEING.
  1482 | D:2      | 1482 ||| FLEEEEING.
  1483 | D:2      | 1483 ||| FLEEEEING.
  1484 | D:2      | 1484 ||| FLEEEEING.
  1485 | D:2      | 1485 ||| FLEEEEING.
  1750 | D:2      | Reached XP level 4. HP: 25/25 MP: 6/6
  1797 | D:2      | 1797 ||| UPGRADING to +0 cloak.
  1802 | D:2      | 1802 ||| DROPPING ring of magical power.
  1803 | D:2      | 1803 ||| READING 2 scrolls labelled GORIUKHLIQEI.
  2330 | D:3      | Noticed a scorpion
  2341 | D:3      | Killed a scorpion
  2342 | D:3      | Reached skill level 8 in Ranged Weapons
  2342 | D:3      | Reached XP level 5. HP: 9/29 MP: 7/7
  2342 | D:3      | HP: 7/29 [poisoned by a scorpion]
  2344 | D:3      | HP: 3/29 [poisoned by a scorpion]
  2347 | D:3      | HP: 1/29 [poisoned by a scorpion]
  2348 | D:3      | Succumbed to a scorpion's poison

Levels and vault maps discovered:
D:1:      elethiomel_arrival_infinity_welcomes_careful_drivers, layout_basic,
          shapermc_ecumenical_altar_totnotflames
D:2:      layout_basic, basic_altar
D:3:      layout_loops_corners, serial_shops, nicolae_shop_crystal

Skill      XL: |  1  2  3  4 |
---------------+-------------+-----
Ranged Weapons | 6 7 8 |  8.5
Fighting       | |  1.5
Dodging        | |  2.4
Stealth        | |  1.2

Action                     |  1- 3 |  4- 6 || total
---------------------------+-------+-------++-------
   Fire: Shortbow          |    88 |    48 ||   136
    Use: Scroll            |     3 |     1 ||     4
 Armour: Leather armour    |     5 |     7 ||    12
  Dodge: Dodged            |    11 |     4 ||    15

Table legend:
 A = Non-vault XP
 B = Vault XP
 C = Vault XP percentage of total XP
 D = Non-vault monster count
 E = Vault monster count
 F = Vault count percentage of total count
                 A         B        C        D         E       F
            +---------+---------+-------+---------+---------+-------
      Total |     219 |       0 |   0.0 |      48 |       0 |   0.0
            +---------+---------+-------+---------+---------+-------
        D:1 |      38 |       0 |   0.0 |      15 |       0 |   0.0
        D:2 |      61 |       0 |   0.0 |      15 |       0 |   0.0
        D:3 |     120 |       0 |   0.0 |      18 |       0 |   0.0
            +---------+---------+-------+---------+---------+-------
